 Dungeon Crawl Stone Soup version 0.30.0-10-gfe55d96785 (webtiles) character file.

Game seed: 644546898423972085

2 croobank the Covert (level 1, -11/23 HPs)
             Began as a Gnoll Delver on May 15, 2023.
             Mangled by a mummy (17 damage)
             ... on level 5 of the Dungeon.
             The game lasted 00:00:51 (87 turns).

croobank the Covert (Gnoll Delver)                    Turns: 87, Time: 00:00:51

Health: -11/23     AC:  3    Str: 11    XL:     1   Next: 30%
Magic:  1/1        EV: 13    Int:  9    God:
Gold:   3          SH:  0    Dex: 13    Spells: 0/0 levels left

rFire   . . .        a - +0 hand axe
rCold   . . .        (no shield)
rNeg    . . .        b - +0 leather armour
rPois   .            (no helmet)
rElec   .            (no cloak)
rCorr   .            (no gloves)
SInv    .            (no boots)
Will    .....        (no amulet)
Stlth   ++++         (no ring)
HPRegen 0.23/turn    (no ring)
MPRegen 0.07/turn

%: no passive effects
@: no status effects
A: fangs 1, strong nose, distributed training
a: no special abilities


You were on level 5 of the Dungeon.
You visited 1 branch of the dungeon, and saw 2 of its levels.

You collected 3 gold pieces.

Inventory:

Hand Weapons
 a - a +0 hand axe (weapon)
Armour
 b - a +0 leather armour (worn)
Wands
 g - a wand of digging (3)
Scrolls
 c - a scroll of fog
 d - a scroll of amnesia {unknown}
 e - a scroll of fear
 h - 2 scrolls of identify {unknown}
 i - a scroll of noise {unknown}
Potions
 f - a potion of haste


   Skills:
 + Level 6.4 Fighting
 + Level 0.0 Short Blades
 + Level 0.0 Long Blades
 + Level 4.4 Axes
 + Level 0.0 Maces & Flails
 + Level 0.0 Polearms
 + Level 0.0 Staves
 + Level 0.0 Ranged Weapons
 + Level 0.0 Throwing
 + Level 0.0 Armour
 + Level 4.4 Dodging
 + Level 9.5 Stealth
 + Level 0.0 Shields
 + Level 0.0 Unarmed Combat
 + Level 0.0 Spellcasting
 + Level 0.0 Conjurations
 + Level 0.0 Hexes
 + Level 0.0 Summonings
 + Level 0.0 Necromancy
 + Level 0.0 Translocations
 + Level 0.0 Transmutations
 + Level 0.0 Fire Magic
 + Level 0.0 Ice Magic
 + Level 0.0 Air Magic
 + Level 0.0 Earth Magic
 + Level 0.0 Poison Magic
 + Level 0.1 Invocations
 + Level 0.0 Evocations


You couldn't memorise any spells.
You didn't know any spells.
Your spell library was empty.

Dungeon Overview and Level Annotations

Branches:
Dungeon (6/15)             Temple (0/1) D:5

Altars:

Portals:
Ossuary: D:5


Innate Abilities, Weirdness & Mutations

You have very sharp teeth.
Your uncanny sense of smell can sniff out nearby items.
Your experience applies equally to all skills.


Message History

Found a scroll labelled NAEWNAROSO.
Found a scroll labelled NAEWNAROSO.
A jelly comes into view.
Found a stone staircase leading down.
The helpless orc fails to defend itself.
You hit the orc.
The orc is almost dead.
The orc completely misses you.
You hit the orc.
You kill the orc!
Things that are here:
a +0 short sword; an orc corpse
h - a scroll labelled NAEWNAROSO
Found 4 stones.
h - 2 scrolls labelled NAEWNAROSO (gained 1)
You now have 3 gold pieces.
There is a stone staircase leading up here.
You climb upwards.
You hear the hiss of flowing sand.
There is an entrance to an ossuary on this level.
Hurry and find it before the portal is buried!
You hear the slow hiss of an avalanche of sand nearby.
There is a stone staircase leading down here.
Found a stone staircase leading up.
Found a scroll labelled GUDON HUITUNT.
i - a scroll labelled GUDON HUITUNT You open the door.
A mummy comes into view.
Found a sand-covered staircase.
There is an open door here.
The helpless mummy fails to defend itself.
You hit the mummy but do no damage. The mummy hits you!
You hit the mummy.
The mummy is moderately damaged.
The mummy hits you!
* * * LOW HITPOINT WARNING * * *
You hit the mummy.
The mummy is heavily damaged.
The mummy hits you!
Ouch! That really hurt!
You die...

********,,,,***,,,*,** **,
**,,,,,,,,,,,**,,*,,*,*** **,*
*,,,*,∆,,,,,.,,,***,,,..***,,*
**,,****,,,*##.,**,**,...,,,,**
**,,** *,****..###+###..,,,,,**
**,,** *,***,,#.......#,,,,,,,,
*,,,* *,**,,###.^...#**,,,,,,*
**,** *,,,,*#M##...#*,**,,,***
*,* *#..###@###.###+###..** *,*
#....................,* ***
###....######.####.#****
####.,*** #.# *.## ** ##,.,*
#.# ##..###. **#.* #.###.#.....
#.###..##.......
#...............
#.#........#...#


You could see a mummy.

Vanquished Creatures
  An orc (D:6)
1 creature vanquished.

Notes
Turn   | Place    | Note
-------+----------+-------------------------------------------
     0 | D:5      | Reached skill level 9 in Stealth
     0 | D:5      | croobank the Gnoll Delver began the quest for the Orb.
     0 | D:5      | Reached XP level 1. HP: 23/23 MP: 1/1
    10 | D:6      | Noticed a hound
    25 | D:6      | Noticed a jelly
    53 | D:5      | Noticed a hound
    83 | D:5      | Found a sand-covered staircase.
    87 | D:5      | Mangled by a mummy

Illustrated notes

Levels and vault maps discovered:
D:5:      layout_layer_cave, mainiacjoe_overflow_brackets,
          minmay_temple_entry_glassed_door, nicolae_ossuary_entry_giza
D:6:      layout_basic, bloody_makhleb

Skill      XL: | |
---------------+-+-----
Stealth        | |  9.5
Fighting       | |  6.4
Axes           | |  4.4
Dodging        | |  4.4
Invocations    | |  0.1

Action                     || total
---------------------------++-------
  Melee: Hand axe          ||     5
    Use: Scroll            ||     1
   Stab: Sleeping          ||     2
  Dodge: Dodged            ||     1
